 Dungeon Crawl Stone Soup version 0.23.1-41-g7e51ed3 (console) character file.

Game seed: 3160485423363052840

195 fly the Slasher (level 5, -1/41 HPs)
             Began as a Demonspawn Fighter on Mar 30, 2019.
             Slain by a slave (3 damage)
             ... led by Pikel
             ... on level 4 of the Dungeon.
             The game lasted 00:04:09 (2130 turns).

fly the Slasher (Demonspawn Fighter)                Turns: 2130, Time: 00:04:10

Health: -1/41      AC:  7    Str: 16    XL:     5   Next: 45%
Magic:  5/5        EV:  6    Int: 14    God:
Gold:   67         SH:  8    Dex: 14    Spells: 4/4 levels left

rFire    + . .     SeeInvis .   a - +0 long sword
rCold    . . .     Gourm    .   v - +0 shield
rNeg     . . .     Faith    .   y - +0 scale mail
rPois    .         Spirit   .   e - +0 helmet
rElec    .         Reflect  .   (no cloak)
rCorr    .         Harm     .   (no gloves)
MR       .....                  (no boots)
Stlth    ..........             (no amulet)
HPRegen  0.13/turn              (no ring)
MPRegen  0.09/turn              (no ring)

@: brilliant
A: claws 1, fire resistance 1, spiny 1
a: no special abilities


You were on level 4 of the Dungeon.
You were very hungry.

You visited 1 branch of the dungeon, and saw 4 of its levels.

You collected 67 gold pieces.

Inventory:

Hand Weapons
 a - a +0 long sword (weapon)
Armour
 e - a +0 helmet (worn)
 v - a +0 shield (worn)
 y - a +0 scale mail (worn)
Scrolls
 b - a scroll of fog {unknown}
 c - 2 scrolls of magic mapping {unknown}
 d - a scroll of amnesia {unknown}
 g - 2 scrolls of identify {unknown}
 h - 2 scrolls of enchant armour {unknown}
 l - 2 scrolls of fear {unknown}
 m - a scroll of enchant weapon {unknown}
Potions
 i - a potion of agility {unknown}
 j - a potion of curing {unknown}
 k - a potion of brilliance
Comestibles
 f - 7 rations


   Skills:
 - Level 3.0 Fighting
 + Level 5.2 Long Blades
 - Level 2.6 Armour
 - Level 2.6 Shields


You had 4 spell levels left.
You didn't know any spells.
Your spell library was empty.

Dungeon Overview and Level Annotations

Branches:
Dungeon (4/15)
 Temple: D:4-7

Altars:
Elyvilon
Hepliaklqana
Qazlal
Vehumet


Innate Abilities, Weirdness & Mutations

You have sharp fingernails.
Your flesh is heat resistant. (rF+)
You are partially covered in sharp spines.


Message History

The gnoll is struck by your spines. The gnoll hits you with a +0 spear.
You struggle against the net.
The gnoll is struck by your spines. The gnoll hits you with a +0 halberd.
The gnoll hits you with a +0 spear.
You struggle against the net.
The gnoll hits you with a +0 flail! The gnoll is struck by your spines.
The gnoll hits you but does no damage. The gnoll is struck by your spines.
The gnoll hits you with a +0 halberd.
The hound stops to sniff the ground.
The gnoll is struck by your spines. The gnoll barely misses you.
You rip the net and break free!
The gnoll hits you but does no damage. The gnoll hits you with a +0 flail.
* * * LOW HITPOINT WARNING * * *
The gnoll barely misses you. The gnoll hits you with a +0 spear.
* * * LOW HITPOINT WARNING * * *
You block the slave's attack.
It was a potion of brilliance.
You feel clever all of a sudden. The gnoll hits you but does no damage.
The gnoll hits you with a +0 flail.
* * * LOW HITPOINT WARNING * * *
You block the gnoll's attack. The gnoll barely misses you. The slave hits you.
You die...

#. ###. ...
#.. #.. #..
.
#.g####....
#hg@g......
##p#g##....
#.# #.# .
=.# #.. ...
#.# ...#
..# ... ...
.. #.


You could see a slave, a hound and 4 gnolls.

Vanquished Creatures
  An ice beast (D:3)
  An orc wizard (D:3)
  A killer bee zombie (D:2)
  A worm (D:2)
  3 orcs (D:3)
  5 bats
  3 giant cockroaches
  7 goblins
  2 hobgoblins (D:1)
  12 jackals
  A quokka (D:2)
  3 ball pythons
  2 frilled lizards
  5 kobolds (D:1)
  6 rats
53 creatures vanquished.

Notes
Turn   | Place    | Note
-------+----------+-------------------------------------------
     0 | D:1      | fly the Demonspawn Fighter began the quest for the Orb.
     0 | D:1      | Reached XP level 1. HP: 18/18 MP: 1/1
   157 | D:1      | Reached skill level 2 in Long Blades
   241 | D:1      | Gained mutation: Your flesh is heat resistant. (rF+)
                  | [demonic ancestry]
   241 | D:1      | Reached XP level 2. HP: 24/24 MP: 2/2
   441 | D:1      | Reached skill level 3 in Long Blades
   638 | D:2      | Found a radiant altar of Vehumet.
   640 | D:2      | Gained mutation: You are partially covered in sharp spines.
                  | [demonic ancestry]
   640 | D:2      | Reached XP level 3. HP: 29/29 MP: 3/3
   981 | D:2      | Found a hazy altar of Hepliaklqana.
  1263 | D:2      | Found a white marble altar of Elyvilon.
  1323 | D:3      | Reached XP level 4. HP: 35/35 MP: 4/4
  1326 | D:3      | Reached skill level 4 in Long Blades
  1353 | D:3      | Found a stormy altar of Qazlal.
  1505 | D:3      | Noticed an ice beast
  1831 | D:3      | Killed an ice beast
  1831 | D:3      | Reached skill level 5 in Long Blades
  1831 | D:3      | Gained mutation: You have sharp fingernails. [demonic
                  | ancestry]
  1831 | D:3      | Reached XP level 5. HP: 20/41 MP: 5/5
  2123 | D:4      | Noticed a slave
  2130 | D:4      | HP: 2/41 [gnoll/+0 flail (6)]
  2130 | D:4      | Slain by a slave

Skill      XL: |  1  2  3  4 |
---------------+-------------+-----
Long Blades    | 2 3 5 |  5.2
Fighting       | |  3.0
Armour         | |  2.6
Shields        | |  2.6

Action                   |  1- 3 |  4- 6 || total
-------------------------+-------+-------++-------
Melee: Long sword        |   116 |    43 ||   159
  Use: Potion            |     1 |     1 ||     2
  Eat: Chunk             |     1 |     2 ||     3
Armor: Scale mail        |    56 |    27 ||    83
Dodge: Dodged            |    28 |    10 ||    38
Block: Shield            |    57 |    17 ||    74
       Rpst.: Long sword |     9 |     1 ||    10
